 Dungeon Crawl Stone Soup version 0.25.1-9-gc5326a611f (webtiles) character file.

Game seed: 3256132563653212481

249726 kulwych the Severer (level 19, -13/155 (156) HPs)
             Began as a Hill Orc Fighter on Dec 21, 2021.
             Was the Champion of Nemelex Xobeh.
             Mangled by an acid blob (27 damage)
             ... created by the Royal Jelly
             ... on level 5 of the Pits of Slime on Dec 22, 2021.
             The game lasted 02:21:41 (41240 turns).

kulwych the Severer (Hill Orc Fighter)             Turns: 41240, Time: 02:21:42

HP:   -13/155 (156) AC: 21    Str: 28    XL:     19   Next: 60%
MP:   21/21         EV: 12    Int:  6    God:    Nemelex Xobeh [******]
Gold: 2248          SH: 13    Dex: 13    Spells: 18/18 levels left

rFire    + . .     SeeInvis +   A - +6 war axe of the Other Side {speed, +Inv rElec}
rCold    + + .     Gourm    .   c - +0 kite shield
rNeg     . . .     Faith    .   b - +10 plate armour "Isynut" {rF+ rC++ SInv}
rPois    .         Spirit   .   J - +2 helmet
rElec    +         Reflect  .   E - +2 cloak
rCorr    +         Harm     .   z - +2 pair of gloves
MR       +....     Rnd*Rage +   Z - +1 pair of boots of Emaalen {Str+4}
Stlth    ..........             T - amulet of the acrobat
HPRegen  0.00/turn              v - +6 ring of strength
MPRegen  0.17/turn              I - ring of resist corrosion

@: corroded, studying Fighting, drained
A: berserk 1, blurry vision 2, clumsy 1, deformed body, dopey 1, frail 1, low mp
3, inhibited regeneration, weak 2, evolution 1, no potion heal 1
}: 2/15 runes: barnacled, gossamer
a: Draw Escape, Draw Destruction, Draw Summoning, Triple Draw, Deal Four, Stack
Five, Renounce Religion, Evoke Invisibility


You were on level 5 of the Pits of Slime.
You worshipped Nemelex Xobeh.
Nemelex Xobeh was exalted by your worship.
You were very full.

You visited 7 branches of the dungeon, and saw 36 of its levels.
You also visited: Sewer.

You collected 3326 gold pieces.
You spent 1078 gold pieces at shops.

Inventory:

Hand Weapons
 A - the +6 war axe of the Other Side (weapon) {speed, +Inv rElec}
   (You found it on level 6 of the Dungeon)

   Attacks with this weapon are significantly faster.
   It insulates you from electricity.
   It lets you turn invisible.
Armour
 b - the +10 plate armour "Isynut" (worn) {rF+ rC++ SInv}
   (You found it on level 3 of the Spider Nest)

   It protects you from fire.
   It greatly protects you from cold.
   It lets you see invisible.
 c - a +0 kite shield (worn)
 z - a +2 pair of gloves (worn)
 E - a +2 cloak (worn)
 J - a +2 helmet (worn)
 X - a +6 plate armour of magic resistance
 Z - the +1 pair of boots of Emaalen (worn) {Str+4}
   (You acquired it on level 15 of the Dungeon)

   It affects your strength (+4).
Jewellery
 d - an uncursed ring of fire
 l - an uncursed ring of wizardry
 v - a +6 ring of strength (left hand)
 D - a +4 ring of slaying
 I - a ring of resist corrosion (right hand)
 P - an uncursed ring of positive energy
 T - an amulet of the acrobat (around neck)
 W - an uncursed ring of ice
Wands
 B - a wand of paralysis (3)
 C - a wand of disintegration (23)
 K - a wand of digging (4)
 S - a wand of acid (13)
Scrolls
 a - 4 scrolls of magic mapping
 e - 23 scrolls of teleportation
 k - 5 scrolls of amnesia
 m - 8 scrolls of remove curse
 n - 6 scrolls of blinking
 r - 6 scrolls of identify
 y - 2 scrolls of fear
 F - 4 scrolls of immolation
 H - 3 scrolls of fog
 L - 2 scrolls of holy word
 Q - 2 scrolls of brand weapon
Potions
 g - 13 potions of curing
 h - 2 potions of invisibility
 j - 2 potions of resistance
 o - 2 potions of heal wounds
 q - 3 potions of haste
 t - 2 potions of berserk rage
 u - 5 potions of ambrosia
 G - 3 potions of might
 N - 7 potions of flight
 U - 4 potions of brilliance
 V - 2 potions of cancellation
Books
 Y - a manual of Fighting
Miscellaneous
 p - a phial of floods
 M - a tin of tremorstones (inert)
 O - a tin of tremorstones (inert)
Comestibles
 f - 41 rations


   Skills:
 + Level 16.4(15.3) Fighting
 + Level 19.1(18.0) Axes
 + Level 12.7(11.7) Armour
 * Level 11.4(10.4) Dodging
 + Level 13.4(12.4) Shields
 * Level 16.2(15.1) Invocations
 * Level 12.5(11.5) Evocations


You had 18 spell levels left.
You didn't know any spells.
Your spell library contained the following spells:

 Spells                   Type           Power        Failure   Level  Hunger
 Animate Skeleton         Necr           N/A          99%         1    ##.....
 Beastly Appendage        Tmut           #.....       99%         1    ##.....
 Infusion                 Chrm           #...         99%         1    ##.....
 Magic Dart               Conj           #...         99%         1    ##.....
 Pain                     Necr           #...         99%         1    ##.....
 Sandblast                Erth           #.....       99%         1    ##.....
 Sting                    Tmut/Pois      #...         99%         1    ##.....
 Summon Small Mammal      Summ           #...         99%         1    ##.....
 Blink                    Tloc           N/A          100%        2    ###....
 Call Imp                 Summ           #.......     100%        2    ###....
 Passwall                 Tmut/Erth      #.......     100%        2    ###....
 Poisonous Vapours        Pois/Air       #.....       100%        2    ###....
 Shroud of Golubria       Chrm/Tloc      #.....       100%        2    ###....
 Slow                     Hex            #.......     100%        2    ###....
 Song of Slaying          Chrm           #.......     100%        2    ###....
 Sticks to Snakes         Tmut           #.......     100%        2    ###....
 Call Canine Familiar     Summ           #.......     100%        3    ####...
 Confusing Touch          Hex            #.......     100%        3    ####...
 Conjure Flame            Conj/Fire      #.......     100%        3    ####...
 Gell's Gravitas          Tloc           #.........   100%        3    ####...
 Ignite Poison            Fire/Tmut/Pois #.......     100%        3    ####...
 Mephitic Cloud           Conj/Pois/Air  #.......     100%        3    ####...
 Ozocubu's Armour         Chrm/Ice       #.......     100%        3    ####...
 Spectral Weapon          Hex/Chrm       #.......     100%        3    ####...
 Spider Form              Tmut/Pois      #.........   100%        3    ####...
 Stone Arrow              Conj/Erth      #.....       100%        3    ####...
 Summon Guardian Golem    Hex/Summ       #.......     100%        3    ####...
 Vampiric Draining        Necr           #.........   100%        3    ####...
 Animate Dead             Necr           N/A          100%        4    #####..
 Ice Form                 Ice/Tmut       #.......     100%        4    #####..
 Olgreb's Toxic Radiance  Pois           #.......     100%        4    #####..
 Petrify                  Tmut/Erth      #.......     100%        4    #####..
 Summon Ice Beast         Ice/Summ       #.......     100%        4    #####..
 Summon Lightning Spire   Summ/Air       #.......     100%        4    #####..
 Agony                    Necr           #.......     100%        5    ######.
 Blade Hands              Tmut           #.........   100%        5    ######.
 Lee's Rapid Deconstruct  Erth           #.........   100%        5    ######.
 Metabolic Englaciation   Hex/Ice        #.........   100%        5    ######.
 Yara's Violent Unravell  Hex/Tmut       #.........   100%        5    ######.


Dungeon Overview and Level Annotations

Branches:
Dungeon (15/15)            Temple (1/1) D:4            Lair (6/6) D:8
 Shoals (4/4) Lair:4       Spider (4/4) Lair:4        Slime (5/5) Lair:5
    Orc (0/2) D:11         Vaults (0/5) D:13         Depths (1/5) D:15
  Sewer (visited)

Altars:
Ashenzari
Cheibriados
Dithmenos
Elyvilon
Fedhas
Gozag
Hepliaklqana
Kikubaaqudgha
Makhleb
Nemelex Xobeh
Okawaru
Qazlal
Ru
Sif Muna
Trog
Uskayaw
Vehumet
Wu Jian
Xom
Yredelemnul
Zin
The Shining One
Jiyva

Shops:
D:4 (   D:14 [   Shoals:4 ?

Annotations:
D:9 1 runed translucent door
Slime:5 Royal Jelly


Innate Abilities, Weirdness & Mutations

You tend to lose your temper in combat.
Scrolls take you longer to read.
You are clumsy. (Dex -2)
Armour fits poorly on your strangely shaped body.
You are dopey. (Int -2)
You are frail. (-10% HP)
Your magical capacity is extremely low. (-30% MP)
You do not regenerate when monsters are visible.
You are very weak. (Str -4)
You evolve.
Potions are less effective at restoring your health.


Message History

Your naga sharpshooter seems to be corroded for longer.
Your naga sharpshooter dies!
Your naga sharpshooter's corpse disappears in a puff of smoke!
Kulwych's illusion hits the Royal Jelly.
Kulwych's illusion is burned by acid!
There is a stone staircase leading up here.
The azure jelly hits you! The azure jelly freezes you! You resist.
* * * LOW HITPOINT WARNING * * *
The azure jelly hits you but does no damage. x2
You block the azure jelly's attack. The death ooze hits you!
* * * LOW HITPOINT WARNING * * *
You feel your flesh rotting away!
The death ooze hits you but does no damage.
The acid blob hits you!
* * * LOW HITPOINT WARNING * * *
You are splashed with acid.
You resist.
* * * LOW HITPOINT WARNING * * *
The acid blob hits you!!
You die...
Your body glows with a rainbow of weird colours and disappears.

##### #####...###
###....#....##
##......J.....## ###
.......@J......####..#
.......JJ.......##...##
.......J§@.c..........#
.......JJJ@...........##
........................
........................
........................
........................
......................


You could see the Royal Jelly, 3 acid blobs, 2 azure jellies, 2 death oozes, a
friendly centaur (summoned) and 2 friendly kulwych's illusions.

Vanquished Creatures
  An iron giant (Slime:5)
  14 acid blobs
  A storm dragon (Shoals:3)
  3 azure jellies
  4 ghost moths
  7 emperor scorpions
  A frost giant (Shoals:4)
  Aizul (Shoals:1)
  An entropy weaver (Lair:1)
  The ghost of Hiywul the Fighter, a journeyman MiHu of Trog (Lair:4)
  2 merfolk javelineers
  7 death oozes
  4 merfolk impalers
  A yaktaur captain (D:15)
  The ghost of Xyudeake the Devastator, a journeyman DEFE of Vehumet (Lair:4)
  7 great orbs of eyes
  The ghost of roflc0ptic the Martial Artist, a journeyman OpTm of Sif Muna (Lair:2)
  Erolcha (D:12)
  6 hydras
  Harold (D:7)
  2 ice dragons
  A catoblepas (Lair:5)
  2 centaur warriors
  5 merfolk aquamancers
  An alligator snapping turtle (Shoals:4)
  8 death yaks
  2 satyrs
  2 two-headed ogres
  An anaconda (Shoals:4)
  An unseen horror (D:11)
  A glowing orange brain (D:15)
  8 sea snakes
  A skeletal warrior (D:14)
  A deep troll (Lair:5)
  A wizard (D:14)
  9 harpies
  10 orb spiders
  3 oklob plants (Lair:3)
  3 orc knights (D:15)
  7 shining eyes
  A cyclops (shapeshifter) (Slime:1)
  12 ugly things
  3 fauns
  3 cyclopes
  17 wolf spiders
  2 deep elf magi
  15 manticores
  3 moths of wrath
  2 black mambas
  2 centaur zombies
  3 merfolk sirens
  3 elephants (Lair:4)
  5 water nymphs
  3 eyes of devastation
  Joseph (D:7)
  21 spiny frogs
  A gargoyle (D:10)
  5 komodo dragons
  2 rime drakes
  2 freezing wraiths
  11 demonic crawlers
  2 yaktaurs
  4 trolls
  3 tyrant leeches (Lair:6)
  28 merfolk
  16 jumping spiders
  Grinder (D:4)
  4 wind drakes
  8 hornets
  3 polar bears
  A harpy skeleton (D:15)
  43 slime creatures
  6 snapping turtles
  18 blink frogs
  3 dream sheep (Shoals:4)
  14 hippogriffs
  6 water elementals
  34 redbacks
  A spriggan (D:8)
  2 wraiths
  10 tarantellas
  A vampire (D:14)
  6 wyverns
  A basilisk (Lair:2)
  18 yaks
  4 golden eyes (Slime:1)
  3 hungry ghosts (D:13)
  12 vampire mosquitoes
  Menkaure (D:4)
  A steam dragon (D:11)
  A warg (D:15)
  2 soldier ants
  2 acid dragons
  3 swamp worms
  5 porcupines
  3 water moccasins
  A black bear (Lair:4)
  3 sky beasts
  9 orc warriors
  5 eyes of draining
  5 ice beasts
  2 necrophages
  8 ogres
  8 wolves
  13 centaurs
  6 crocodiles
  3 big kobolds
  34 bullfrogs
  8 scorpions
  17 killer bees
  8 wights (D:12)
  17 electric eels
  7 crimson imps
  A bullfrog zombie (D:8)
  3 quasits
  12 hounds
  10 orc priests
  2 bullfrog skeletons
  A gnoll shaman (D:4)
  3 centaur skeletons
  2 jellies
  5 orc wizards
  Crazy Yiuf (D:7)
  Ijyb (D:3)
  9 worker ants
  Natasha (thrice) (D:4)
  3 iguanas
  A killer bee zombie (D:7)
  2 hound skeletons
  A worker ant zombie (D:10)
  Robin (D:2)
  16 adders
  4 gnolls
  3 river rats
  2 shadow imps
  An ooze (D:2)
  An adder zombie (D:5)
  An adder skeleton (D:9)
  6 worms
  3 dart slugs
  8 leopard geckos
  45 orcs
  5 ball pythons
  6 giant cockroaches
  12 goblins
  8 hobgoblins
  4 jackals (D:4)
  3 quokkas
  3 bats
  2 frilled lizards
  A jackal skeleton (D:8)
  22 kobolds
  A kobold zombie (D:9)
  2 leopard gecko skeletons (D:4)
  A quokka skeleton (D:8)
  9 rats
  3 bushes (D:3)
  7 fungi
  13 plants
928 creatures vanquished.

Vanquished Creatures (collateral kills)
  9 acid blobs
  A shadow dragon (Slime:5)
  4 azure jellies
  An emperor scorpion (Spider:4)
  An entropy weaver (Lair:5)
  A merfolk javelineer (Shoals:4)
  A merfolk impaler (Shoals:4)
  2 hydras
  4 vault guards (D:13)
  2 great orbs of eyes
  An alligator snapping turtle (Shoals:4)
  A two-headed ogre (D:13)
  A swamp dragon (Shoals:4)
  4 harpies (Shoals:4)
  An ugly thing (D:15)
  A cyclops (D:13)
  A manticore (Shoals:1)
  A merfolk siren (Shoals:4)
  A centaur zombie (D:13)
  A kobold demonologist (D:15)
  A wind drake (Shoals:4)
  5 slime creatures
  A blink frog (Lair:6)
  3 snapping turtles
  2 redbacks
  A tarantella (Shoals:4)
  A swamp worm (Lair:6)
  A water moccasin (D:13)
  2 orc warriors (D:13)
  3 wights (D:7)
  2 orc priests (D:13)
  2 orc wizards (D:13)
  A shadow imp (D:13)
  4 orcs
  A quokka zombie (D:7)
69 creatures vanquished.

Vanquished Creatures (others)
  An orb spider (Spider:4)
  A hippogriff (D:11)
  A tarantella (Spider:3)
  An orc warrior (D:15)
  A centaur (D:12)
  2 bushes (Shoals:2)
  3 fungi
  13 plants
  4 toadstools (D:3)
  A withered plant (Lair:4)
28 creatures vanquished.

Grand Total: 1025 creatures vanquished

Notes
Turn   | Place    | Note
-------+----------+-------------------------------------------
     0 | D:1      | kulwych the Hill Orc Fighter began the quest for the Orb.
     0 | D:1      | Reached XP level 1. HP: 19/19 MP: 1/1
   244 | D:1      | Reached XP level 2. HP: 27/27 MP: 2/2
   304 | D:1      | Reached skill level 3 in Axes
   420 | D:1      | Reached XP level 3. HP: 33/33 MP: 3/3
   765 | D:2      | Noticed Robin
   814 | D:2      | Killed Robin
   814 | D:2      | Reached skill level 1 in Dodging
   909 | D:2      | Reached XP level 4. HP: 40/40 MP: 4/4
  1232 | D:2      | Found a shadowy altar of Dithmenos.
  1729 | D:3      | Reached skill level 4 in Axes
  1756 | D:3      | HP: 2/40 [river rat (6)]
  2055 | D:3      | Found a glowing drain.
  2059 | Sewer    | Entered a sewer
  2094 | Sewer    | HP: 1/40 [river rat (8)]
  2095 | Sewer    | Reached XP level 5. HP: 1/46 MP: 5/5
  2620 | Sewer    | Noticed a big kobold
  2620 | Sewer    | Noticed a big kobold
  2642 | Sewer    | Killed a big kobold
  2647 | Sewer    | Killed a big kobold
  2647 | Sewer    | Reached skill level 5 in Axes
  2647 | Sewer    | Reached XP level 6. HP: 40/53 MP: 6/6
  3552 | D:3      | Noticed Ijyb
  3576 | D:3      | Killed Ijyb
  4082 | D:4      | Found Udetoluf's Weapon Emporium.
  4229 | D:4      | Reached XP level 7. HP: 38/60 MP: 7/7
  4434 | D:4      | Noticed Natasha
  4451 | D:4      | Killed Natasha
  4451 | D:4      | Reached skill level 6 in Axes
  4457 | D:4      | Found an opulent altar of Gozag.
  4561 | D:4      | Noticed Grinder
  4606 | D:4      | Paralysed by Grinder for 2 turns
  4885 | D:4      | Paralysed by Grinder for 7 turns
  4900 | D:4      | Killed Grinder
  4900 | D:4      | Reached skill level 5 in Fighting
  4900 | D:4      | Reached skill level 5 in Armour
  4972 | D:4      | Noticed Natasha
  4980 | D:4      | Killed Natasha
  4980 | D:4      | Reached skill level 5 in Shields
  5074 | D:4      | Found a radiant altar of Vehumet.
  5085 | D:4      | Noticed Menkaure
  5095 | D:4      | Killed Menkaure
  5095 | D:4      | Reached XP level 8. HP: 9/68 MP: 8/8
  5385 | D:4      | Noticed Natasha
  5395 | D:4      | Killed Natasha
  5395 | D:4      | Reached skill level 7 in Axes
  5454 | D:4      | Found a staircase to the Ecumenical Temple.
  5463 | Temple   | Entered the Ecumenical Temple
  5522 | Temple   | Became a worshipper of Nemelex Xobeh the Trickster
  5580 | D:4      | Received a gift from Nemelex Xobeh
  5710 | D:5      | Entered Level 5 of the Dungeon
  5733 | D:5      | Reached skill level 1 in Invocations
  5738 | D:5      | Found a shattered altar of Ashenzari.
  5946 | D:5      | Reached skill level 1 in Evocations
  6140 | D:5      | Noticed a hippogriff
  6147 | D:5      | Killed a hippogriff
  6214 | D:5      | Reached skill level 8 in Axes
  6242 | D:5      | Found a hazy altar of Hepliaklqana.
  6272 | D:5      | Identified the +7 mace of Beyond {vorpal, rElec rC- Str+2}
  6348 | D:5      | Reached XP level 9. HP: 57/75 MP: 11/11
  6488 | D:5      | Received a gift from Nemelex Xobeh
  6554 | D:5      | Found a bloodstained altar of Trog.
  6808 | D:6      | Reached * piety under Nemelex Xobeh
  6987 | D:6      | Received a gift from Nemelex Xobeh
  6995 | D:6      | Got a steaming war axe
  6997 | D:6      | Identified the +6 war axe of the Other Side {speed, +Inv
                  | rElec} (You found it on level 6 of the Dungeon)
  7039 | D:6      | Reached skill level 9 in Axes
  7199 | D:6      | Found a stormy altar of Qazlal.
  7477 | D:6      | Found a hide-covered altar of Uskayaw.
  7586 | D:7      | Noticed Joseph
  7599 | D:7      | Killed Joseph
  7715 | D:7      | Noticed Harold
  7728 | D:7      | Killed Harold
  7728 | D:7      | Reached skill level 10 in Axes
  7728 | D:7      | Reached skill level 5 in Invocations
  7728 | D:7      | Reached XP level 10. HP: 72/83 MP: 12/14
  8007 | D:7      | Reached ** piety under Nemelex Xobeh
  8007 | D:7      | Received a gift from Nemelex Xobeh
  8015 | D:7      | Found a sacrificial altar of Ru.
  8111 | D:7      | Found a shimmering blue altar of Sif Muna.
  8411 | D:7      | Found a runed translucent door.
  8412 | D:7      | Noticed Crazy Yiuf
  8430 | D:7      | Killed Crazy Yiuf
  8636 | D:8      | Found a staircase to the Lair.
  8733 | D:8      | Reached skill level 5 in Dodging
  8750 | D:8      | Found a white marble altar of Elyvilon.
  9223 | D:8      | Reached skill level 11 in Axes
  9375 | D:8      | Received a gift from Nemelex Xobeh
  9734 | D:9      | Found an ornate altar of the Wu Jian Council.
  9737 | D:9      | Found an iron altar of Okawaru.
  9902 | D:9      | Reached XP level 11. HP: 72/92 MP: 16/16
  9988 | D:9      | Received a gift from Nemelex Xobeh
 10021 | D:9      | Found a runed translucent door.
 10023 | D:9      | Found a basalt altar of Yredelemnul.
 10163 | D:9      | Reached *** piety under Nemelex Xobeh
 10314 | D:10     | Entered Level 10 of the Dungeon
 10358 | D:10     | Reached skill level 5 in Evocations
 10410 | D:10     | Noticed a seven-headed hydra
 10422 | D:10     | Killed a seven-headed hydra
 10422 | D:10     | Reached skill level 12 in Axes
 10462 | D:10     | Received a gift from Nemelex Xobeh
 11427 | D:11     | Noticed a brown ugly thing
 11428 | D:11     | Noticed a cyclops
 11473 | D:11     | Killed an unseen horror
 11475 | D:11     | Killed a brown ugly thing
 11483 | D:11     | Killed a cyclops
 11759 | D:11     | Received a gift from Nemelex Xobeh
 12206 | D:11     | Reached **** piety under Nemelex Xobeh
 12488 | D:11     | Found a staircase to the Orcish Mines.
 12536 | D:12     | Noticed a four-headed hydra
 12562 | D:12     | Killed a four-headed hydra
 12562 | D:12     | Reached skill level 13 in Axes
 12562 | D:12     | Reached XP level 12. HP: 93/101 MP: 18/18
 12627 | D:12     | Identified a scroll of acquirement
 12628 | D:12     | Acquired 870 gold pieces
 13348 | D:12     | Received a gift from Nemelex Xobeh
 13548 | D:12     | Noticed Erolcha
 13552 | D:12     | Killed Erolcha
 13841 | D:13     | Received a gift from Nemelex Xobeh
 13958 | D:13     | Found a gate to the Vaults.
 13958 | D:13     | Noticed a vault guard
 13958 | D:13     | Noticed a two-headed ogre
 13958 | D:13     | Noticed a vault guard
 13958 | D:13     | Noticed a vault guard
 13958 | D:13     | Noticed a vault guard
 13958 | D:13     | Noticed an eight-headed hydra
 13974 | D:13     | Killed a two-headed ogre
 13978 | D:13     | Killed an eight-headed hydra
 13985 | D:13     | Killed a vault guard
 13987 | D:13     | Killed a vault guard
 13987 | D:13     | Reached skill level 14 in Axes
 13988 | D:13     | Killed a vault guard
 13995 | D:13     | Killed a vault guard
 14180 | D:13     | Noticed a five-headed hydra
 14189 | D:13     | Killed a five-headed hydra
 14219 | D:13     | Reached XP level 13. HP: 101/111 MP: 20/20
 14784 | D:14     | Reached skill level 10 in Invocations
 15003 | D:14     | Found Fenueg's Armour Emporium.
 15025 | D:14     | Bought a +0 pair of boots for 67 gold pieces
 15865 | D:14     | Reached skill level 15 in Axes
 16059 | D:14     | Noticed a great orb of eyes
 16071 | D:14     | Killed a great orb of eyes
 16480 | D:14     | Reached ***** piety under Nemelex Xobeh
 16633 | D:14     | Found an ornate altar of the Wu Jian Council.
 16643 | D:14     | Received a gift from Nemelex Xobeh
 16802 | D:15     | Entered Level 15 of the Dungeon
 17304 | D:15     | Received a gift from Nemelex Xobeh
 17539 | D:15     | Reached skill level 10 in Fighting
 17641 | D:15     | Reached XP level 14. HP: 119/121 MP: 22/22
 17804 | D:15     | Reached skill level 16 in Axes
 18094 | D:15     | Found a staircase to the Depths.
 18380 | D:15     | Received a gift from Nemelex Xobeh
 18517 | Depths:1 | Entered Level 1 of the Depths
 18525 | Depths:1 | Found the +8 frozen axe "Frostbite" {freezing cloud, *Noise
                  | +Fly rC+}
 18538 | D:15     | Acquired the +1 pair of boots of Emaalen {Str+4}
 18770 | Lair:1   | Entered Level 1 of the Lair of Beasts
 18928 | Lair:1   | Noticed an entropy weaver
 18928 | Lair:1   | a four-headed hydra changed into an entropy weaver
 18938 | Lair:1   | Killed an entropy weaver
 19226 | Lair:1   | Received a gift from Nemelex Xobeh
 19328 | Lair:1   | Found a radiant altar of Vehumet.
 19331 | Lair:1   | Received a gift from Nemelex Xobeh
 19832 | Lair:2   | Found a runed translucent gate.
 19832 | Lair:2   | Found a runed translucent gate.
 19832 | Lair:2   | Found a runed translucent gate.
 19833 | Lair:2   | Noticed roflc0ptic's ghost (journeyman OpTm)
 19835 | Lair:2   | Received a gift from Nemelex Xobeh
 20052 | Lair:2   | Reached ****** piety under Nemelex Xobeh
 20056 | Lair:2   | Received a gift from Nemelex Xobeh
 20390 | Lair:2   | Received a gift from Nemelex Xobeh
 20668 | Lair:2   | Killed roflc0ptic's ghost
 21128 | Lair:3   | Received a gift from Nemelex Xobeh
 21785 | Lair:3   | Reached skill level 10 in Shields
 22464 | Lair:4   | Received a gift from Nemelex Xobeh
 22689 | Lair:4   | Found a hole to the Spider Nest.
 22862 | Lair:4   | Reached skill level 10 in Armour
 23041 | Lair:4   | Found a runed translucent gate.
 23042 | Lair:4   | Found a runed translucent gate.
 23057 | Lair:4   | Found a staircase to the Shoals.
 23074 | Lair:4   | Reached XP level 15. HP: 129/129 MP: 24/24
 23191 | Lair:4   | Received a gift from Nemelex Xobeh
 23385 | Lair:4   | Noticed Xyudeake's ghost (journeyman DEFE)
 23387 | Lair:4   | Noticed Hiywul's ghost (journeyman MiHu)
 23388 | Lair:4   | Found a runed translucent gate.
 23411 | Lair:4   | Killed Xyudeake's ghost
 23413 | Lair:4   | Killed Hiywul's ghost
 23767 | Lair:5   | Received a gift from Nemelex Xobeh
 24236 | Lair:5   | Received a gift from Nemelex Xobeh
 24503 | Lair:5   | Found a staircase to the Slime Pits.
 24603 | Lair:6   | Entered Level 6 of the Lair of Beasts
 24604 | Lair:6   | Received a gift from Nemelex Xobeh
 24897 | Lair:6   | Identified the -1 long sword of Bespelled Absolution {holy,
                  | +Blink rF- rC+ Stlth+}
 25360 | Lair:6   | Reached skill level 17 in Axes
 26358 | Shoals:1 | Entered Level 1 of the Shoals
 26364 | Shoals:1 | Received a gift from Nemelex Xobeh
 26415 | Shoals:1 | Noticed Aizul
 26430 | Shoals:1 | Killed Aizul
 26815 | Shoals:1 | Received a gift from Nemelex Xobeh
 27591 | Shoals:2 | Received a gift from Nemelex Xobeh
 27722 | Shoals:2 | Reached skill level 10 in Evocations
 28086 | Shoals:2 | Received a gift from Nemelex Xobeh
 28134 | Shoals:2 | Reached XP level 16. HP: 36/139 MP: 12/26
 29559 | Shoals:3 | Received a gift from Nemelex Xobeh
 30125 | Shoals:4 | Entered Level 4 of the Shoals
 30149 | Shoals:4 | Identified the +4 rapier of Hiydeq {vamp, +Blink rElec
                  | Str-4 SInv}
 30815 | Shoals:4 | Received a gift from Nemelex Xobeh
 30825 | Shoals:4 | Found Quetuun's Magic Scroll Boutique.
 30872 | Shoals:4 | Noticed a storm dragon
 30872 | Shoals:4 | a merfolk aquamancer changed into a storm dragon
 30878 | Shoals:4 | HP: 7/141 [storm dragon (3)]
 31229 | Shoals:3 | Killed a storm dragon
 31298 | Shoals:4 | Got a barnacled rune of Zot
 31510 | Shoals:4 | Reached skill level 10 in Dodging
 31741 | Shoals:4 | Bought a scroll of enchant armour for 127 gold pieces
 31741 | Shoals:4 | Bought a scroll of acquirement for 884 gold pieces
 31743 | Shoals:4 | Acquired a manual of Fighting
 31840 | Shoals:4 | Received a gift from Nemelex Xobeh
 31849 | Shoals:4 | Reached XP level 17. HP: 148/148 MP: 27/27
 32280 | Spider:1 | Entered Level 1 of the Spider Nest
 32674 | Spider:1 | Received a gift from Nemelex Xobeh
 32943 | Spider:1 | Received a gift from Nemelex Xobeh
 33759 | Spider:2 | Received a gift from Nemelex Xobeh
 34178 | Spider:3 | Reached XP level 18. HP: 157/157 MP: 29/29
 34204 | Spider:3 | Got a steaming plate armour
 34205 | Spider:3 | Identified the +10 plate armour "Isynut" {rF+ rC++ SInv}
                  | (You found it on level 3 of the Spider Nest)
 34728 | Spider:3 | Received a gift from Nemelex Xobeh
 34979 | Spider:4 | Entered Level 4 of the Spider Nest
 35092 | Spider:4 | Reached skill level 18 in Axes
 35255 | Spider:4 | Reached skill level 15 in Invocations
 35281 | Spider:4 | Paralysed by a hornet for 3 turns
 36236 | Spider:4 | Received a gift from Nemelex Xobeh
 36244 | Spider:4 | Got a gossamer rune of Zot
 36623 | Slime:1  | Entered Level 1 of the Pits of Slime
 36734 | Slime:1  | Received a gift from Nemelex Xobeh
 36949 | Slime:1  | Paralysed by a great orb of eyes for 5 turns
 36988 | Slime:1  | HP: 7/162 [acid (10)]
 37724 | Slime:2  | Reached skill level 15 in Fighting
 38140 | Slime:2  | Reached XP level 19. HP: 100/170 MP: 26/30
 38326 | Slime:2  | Gained mutation: You are clumsy. (Dex -2) [a shining eye]
 38328 | Slime:2  | Gained mutation: Your magical capacity is low. (-10% MP) [a
                  | shining eye]
 38333 | Slime:2  | Gained mutation: Scrolls take you a little longer to read.
                  | [a shining eye]
 38415 | Slime:2  | Received a gift from Nemelex Xobeh
 38680 | Slime:3  | Gained mutation: You do not regenerate when monsters are
                  | visible. [a shining eye]
 38689 | Slime:3  | Gained mutation: You are weak. (Str -2) [a shining eye]
 38691 | Slime:3  | Gained mutation: You tend to lose your temper in combat. [a
                  | shining eye]
 38692 | Slime:3  | Gained mutation: You occasionally shout uncontrollably at
                  | your foes. [a shining eye]
 39106 | Slime:3  | Received a gift from Nemelex Xobeh
 39560 | Slime:4  | Gained mutation: Your magical capacity is very low. (-20%
                  | MP) [a shining eye]
 39567 | Slime:4  | Gained mutation: Your magical capacity is extremely low.
                  | (-30% MP) [a shining eye]
 39575 | Slime:4  | Gained mutation: You evolve. [a shining eye]
 39578 | Slime:4  | Gained mutation: Potions are less effective at restoring
                  | your health. [a shining eye]
 39581 | Slime:4  | Gained mutation: You are frail. (-10% HP) [a shining eye]
 40090 | Slime:5  | Entered Level 5 of the Pits of Slime
 40226 | Slime:5  | Received a gift from Nemelex Xobeh
 40232 | Slime:5  | Found a viscous altar of Jiyva.
 40232 | Slime:5  | Noticed the Royal Jelly
 40232 | Slime:5  | Gained mutation: You are dopey. (Int -2) [a shining eye]
 40241 | Slime:5  | Reached skill level 19 in Axes
 40267 | Slime:5  | Gained mutation: Armour fits poorly on your strangely
                  | shaped body. [a shining eye]
 40272 | Slime:5  | Noticed an iron giant
 40272 | Slime:5  | an acid blob changed into an iron giant
 40274 | Slime:5  | Lost mutation: You occasionally shout uncontrollably at
                  | your foes. [evolution]
 40276 | Slime:5  | Killed an iron giant
 40281 | Slime:5  | Gained mutation: Scrolls take you longer to read. [a
                  | shining eye]
 40283 | Slime:5  | Gained mutation: You are very weak. (Str -4) [a shining
                  | eye]
 41240 | Slime:5  | Mangled by an acid blob

Illustrated notes

Levels and vault maps discovered:
D:1:      shiori_shiawase, layout_basic
D:2:      layout_loops_corners, lemuel_crystal_altar, first_ration, uniq_robin
D:3:      layout_basic, gup_sewer_entry_spiral, minmay_gold_behind_fungi,
          minivault_26, lexackson_kobold_supper, uniq_ijyb
D:4:      layout_rooms, old_standard_altar, lemuel_doored_altar,
          minmay_temple_entry_enclosed_plants, serial_shops, shop_fountains,
          uniq_grinder, uniq_natasha, uniq_menkaure
D:5:      minmay_diamond_boxcup, layout_basic, nicolae_ashenzari_panopticon,
          kennysheep_mini, trog_book
D:6:      layout_cave_pools, lemuel_coloured_pillars_altar,
          grunt_qazlal_sundering
D:7:      layout_loops_cross, led_sif_pool, old_standard_altar, uniq_harold,
          uniq_crazy_yiuf_cottage, uniq_joseph
D:8:      layout_loops_ring, kennysheep_little_box, erik_lair_island, the_bakery
D:9:      layout_loops_ring, minitemple, dk_yredelemnul_ordeal
D:10:     layout_long_grid, minmay_door_square
D:11:     layout_basic, orc_0_dummy, lightli_fourway_metalbox
D:12:     layout_basic, uniq_erolcha
D:13:     layout_grid_maze, lightli_vaults_fourway_checkpoint
D:14:     layout_loops_cross, kennysheep_donut, serial_shops, shop, basic_altar,
          kb_rosetta
D:15:     grunt_enter_depths_snipers, layout_irregular_city
Temple:   cyrus_temple_forest
Lair:1:   layout_gridlike, basic_altar, minivault_25
Lair:2:   layout_regular_city, ebering_ghost_rock_garden, grunt_megastairs_4,
          infiniplex_staircase_pool
Lair:3:   layout_regular_city, minmay_hedge_maze, minmay_lair_oklob_chamber,
          lemuel_fruit_tree
Lair:4:   layout_big_grid, shoals_dummy_entry, nicolae_spider_entry_non_spiders,
          gammafunk_ghost_cemetery, beast_lair_carwin_9, lemuel_fruit_fields
Lair:5:   layout_small_grid, dpeg_slime_entry_corner, bh_chokoban,
          infiniplex_staircase_pool_2
Lair:6:   minmay_lair_end_frog_pond, layout_regular_city, worms_lemuel
Shoals:1: layout_shoals, uniq_aizul
Shoals:2: argonaut_golden_fleece, layout_shoals
Shoals:3: layout_shoals
Shoals:4: shoals_end_grunt_ice, layout_shoals, serial_shops, shop_statue
Spider:1: layout_chambers
Spider:2: layout_spider_delve
Spider:3: layout_spider_delve
Spider:4: guppyfry_spider_rune
Slime:1:  layout_caves
Slime:2:  layout_caves
Slime:3:  layout_caves
Slime:4:  layout_caves, cheibrodos_slime_lost_civilization_5
Slime:5
Depths:1: layout_gridlike, enter_ziggurat_f, abyss_entry, serial_shops,
          nicolae_shop_crystal, hell_entry, skrybe_limestone_x,
          kennysheep_underground_church, uniq_enchantress

Skill      XL: |  1  2  3  4  5  6  7  8  9 10 11 12 13 14 15 16 17 18 19 |
---------------+----------------------------------------------------------+-----
Fighting       | 4 5 6 7 8 9 10 11 12 13 15 16 | 16.4
Axes           | 3 4 5 6 8 10 11 13 14 15 16 17 18 19 | 19.1
Dodging        | 1 2 3 4 5 6 7 8 9 10 11 | 11.4
Armour         | 4 5 6 7 8 9 10 11 12 | 12.7
Shields        | 4 5 6 7 8 9 10 11 12 13 | 13.4
Invocations    | 3 5 6 8 9 11 12 13 14 15 16 | 16.2
Evocations     | 2 3 4 6 7 8 9 10 11 12 | 12.5

Action                   |  1- 3 |  4- 6 |  7- 9 | 10-12 | 13-15 | 16-18 | 19-21 || total
-------------------------+-------+-------+-------+-------+-------+-------+-------++-------
Melee: War axe           |    73 |   428 |   223 |   529 |  1133 |   890 |   222 ||  3498
Invok: Draw Destruction  |       |       |     5 |    26 |    12 |     8 |    11 ||    62
       Draw Escape       |       |       |       |     6 |    15 |     9 |       ||    30
       Draw Summoning    |       |       |       |     6 |     4 |     6 |     6 ||    22
Evoke: Wand              |       |       |    13 |    38 |    54 |    34 |     2 ||   141
       Tin of tremorston |       |       |       |       |     4 |     7 |     4 ||    15
       Box of beasts     |       |       |       |       |       |     8 |     7 ||    15
       Phial of floods   |       |       |       |       |       |     1 |     1 ||     2
  Use: Potion            |       |       |     2 |     1 |     4 |    10 |       ||    17
       Scroll            |       |       |    12 |    11 |    18 |     7 |       ||    48
 Stab: Paralysed         |       |       |     6 |     4 |       |     8 |       ||    18
       Petrified         |       |       |       |       |     2 |       |       ||     2
       Distracted        |       |       |       |       |       |     1 |       ||     1
       Held in net/web   |       |       |       |       |       |     3 |       ||     3
  Eat: Chunk             |       |    10 |     9 |    22 |    35 |    12 |       ||    88
       Ration            |       |     1 |       |       |     3 |     7 |     5 ||    16
Armor: Scale mail        |    32 |   121 |    44 |       |       |       |       ||   197
       Chain mail        |       |       |    33 |   223 |   119 |       |       ||   375
       Skin              |       |       |       |     4 |       |       |       ||     4
       Plate armour      |       |       |       |       |   329 |   512 |    67 ||   908
Dodge: Dodged            |    23 |   100 |    49 |   118 |   266 |   438 |    44 ||  1038
Block: Kite shield       |    33 |   173 |   116 |   239 |   483 |   525 |    47 ||  1616
